WCHLSIM.com - West Coast Hockey League
html PUBLIC "-//W3C//DTD XHTML 1.0 Transitional//EN" "http://www.w3.org/TR/xhtml1/DTD/xhtml1-transitional.dtd"> WCHL - Game 56 - RENO LIONS vs KELOWNA ROCKETS

RENO LIONS vs KELOWNA ROCKETS

Created - 20 octobre 2023 at 23:59

Goals
1 2 3 T
RENO LIONS 1 0 1 2
KELOWNA ROCKETS 1 1 1 3
Shots
1 2 3 T
RENO LIONS 17 11 10 38
KELOWNA ROCKETS 12 9 5 26

1st period

1. KELOWNA ROCKETS , Valeri Nichushkin 1 (Auston Matthews 2) at 8:39
2. RENO LIONS , Pierre-Luc Dubois 2 (Oliver Ekman-Larsson 2) at 15:11

Penalties :
Pavel Buchnevich (KEL) for Cross-checking (Minor) at 0:11, J.T. Compher (KEL) for Hooking (Minor) at 3:19

2nd period

3. KELOWNA ROCKETS , Pavel Buchnevich 2 (Auston Matthews 3, Vladimir Tarasenko 3) at 7:08 (PP)

Penalties :
Justin Schultz (REN) for Hooking (Minor) at 6:23

3rd period

4. RENO LIONS , Steven Stamkos 2 (Elias Pettersson 3, Robert Hagg 1) at 6:06
5. KELOWNA ROCKETS , Vladimir Tarasenko 3 (Adam Fox 5, J.T. Compher 4) at 6:18

Penalties :
Mark Giordano (KEL) for Charging (Minor) at 2:57, Justin Schultz (REN) for Cross-checking (Minor) at 8:47

Goalie Stats

Stuart Skinner (REN), 23 saves from 26 shots - (0,885), L, 2-2-0, 60:00 minutes
Alex Stalock (KEL), 14 saves from 15 shots - (0,933), W, 1-2-0, 24:20 minutes
Craig Anderson (KEL), 22 saves from 23 shots - (0,957), 35:40 minutes

Players Stats for RENO LIONS

Player Name              G  A  P  +/- PIM S  H  SB GA TA FO     MP     PP MP  PK MP  
------------------------------------------------------------------------------------
Alex Steeves             0  0  0   0  0   0  0  0  0  0  3/4     4:52   0:00   0:00 
Andreas Johnsson         0  0  0   0  0   0  0  0  0  0  0/0     4:52   0:00   0:00 
Brady Skjei              0  0  0  -1  0   1  1  2  0  0  0/0    25:22   2:29   1:51 
Elias Pettersson         0  1  1  -1  0   4  0  0  0  0  0/0    21:15   2:29   0:00 
Ethan Bear               0  0  0  -1  0   0  0  0  0  0  0/0    14:55   0:00   0:53 
Ilya Mikheyev            0  0  0   0  0   4  0  0  0  0  0/0    16:07   3:28   0:00 
Jack Roslovic            0  0  0   1  0   2  0  0  0  0  1/3    18:30   3:28   0:00 
Justin Schultz           0  0  0  -1  4   0  2  1  0  0  0/0    24:05   2:29   0:00 
Juuso Valimaki           0  0  0  -1  0   0  1  0  0  0  0/0    17:20   3:28   0:53 
Kirill Kaprizov          0  0  0  -1  0   2  2  0  0  0  1/1    21:39   2:29   0:24 
Marcus Foligno           0  0  0   0  0   1  1  0  0  0  1/2    14:17   0:00   1:38 
Nicholas Ritchie         0  0  0   0  0   1  1  0  0  0  0/0     5:34   0:00   0:42 
Nick Bjugstad            0  0  0   1  0   3  3  1  0  0  10/23  17:04   0:00   2:02 
Oliver Ekman-Larsson     0  1  1   2  0   0  1  1  0  0  0/0    20:34   3:28   0:24 
Patrick Brown            0  0  0   0  0   2  1  1  0  0  12/20  13:21   0:00   0:42 
Pierre-Luc Dubois        1  0  1   1  0   10 1  0  0  0  3/6    18:30   3:28   0:00 
Robert Hagg              0  1  1   2  0   0  3  1  0  0  0/0    17:42   0:00   1:27 
Steven Stamkos           1  0  1  -1  0   8  1  0  0  0  16/27  21:15   2:29   0:00 

Players Stats for KELOWNA ROCKETS

Player Name              G  A  P  +/- PIM S  H  SB GA TA FO     MP     PP MP  PK MP  
------------------------------------------------------------------------------------
Adam Fox                 0  1  1   2  0   1  1  4  0  0  0/0    24:31   2:05   3:12 
Anthony DeAngelo         0  0  0  -1  0   0  1  4  0  0  0/0    21:45   0:37   2:45 
Auston Matthews          0  2  2   0  0   6  3  0  0  0  16/30  20:59   2:05   1:52 
Calle Jarnkrok           0  0  0  -1  0   1  0  0  0  0  2/3    13:17   0:39   0:31 
Derek Ryan               0  0  0  -1  0   1  0  1  0  0  3/10   12:07   0:00   0:00 
Dmitri Orlov             0  0  0  -1  0   0  2  7  0  0  0/0    23:45   1:19   2:45 
Erik Brannstrom          0  0  0  -1  0   1  0  3  0  0  0/0    14:43   0:39   0:22 
J.T. Compher             0  1  1   1  2   3  0  1  0  0  15/25  20:04   0:37   2:25 
Kyle Burroughs           0  0  0  -1  0   0  3  1  0  0  0/0    14:26   0:00   0:44 
Lukas Sedlak             0  0  0   0  0   0  1  1  0  0  0/0     5:58   0:00   0:00 
Mark Giordano            0  0  0   2  2   0  5  0  0  0  0/0    20:49   0:48   2:06 
Noah Gregor              0  0  0   0  0   1  0  0  0  0  1/5     6:46   0:48   0:00 
Parker Kelly             0  0  0  -1  0   1  2  0  0  0  0/1    12:07   0:00   0:00 
Pavel Buchnevich         1  0  1   0  2   3  1  0  0  0  1/5    18:57   2:05   0:42 
Pavel Dorofeyev          0  0  0   0  0   0  0  0  0  0  0/1     6:35   0:37   0:00 
Tyler Bertuzzi           0  0  0   1  0   0  2  0  0  0  0/2    16:14   0:02   0:00 
Valeri Nichushkin        1  0  1   0  0   4  0  0  0  0  0/0    21:00   0:00   3:58 
Vladimir Tarasenko       1  1  2   1  0   4  0  0  0  0  1/4    19:57   1:19   2:26 

3 Stars

1 - Vladimir Tarasenko (KEL)
2 - Auston Matthews (KEL)
3 - Adam Fox (KEL)

Power Play

RENO LIONS - 0 on 3 Attempt(s) - 0,00%
KELOWNA ROCKETS - 1 on 2 Attempt(s) - 50,00%

Penalty Kill

RENO LIONS - 1 on 2 Attempt(s) - 50,00% - Score 0 goal in Penalty Kill
KELOWNA ROCKETS - 3 on 3 Attempt(s) - 100,00% - Score 0 goal in Penalty Kill

Team Stat

RENO LIONS - Hits : 18 - Faceoff Wins : 47 - Blocked Shots : 7 - Penalty Minutes : 4
KELOWNA ROCKETS - Hits : 21 - Faceoff Wins : 39 - Blocked Shots : 22 - Penalty Minutes : 6

Official

Referees : Dean Morton and Corey Syvret
Linesman : Brandon Gawryletz and Devin Berg

Game Notes

Craig Anderson is injured at 15:40 of 2nd period (Lacerated Right Calf)
Alex Stalock enters game at 15:40 of 2nd period

Finance

Level 1 -- Attendance: 6600 (100,00%) -- Ticket Income 818 400 $
Level 2 -- Attendance: 5600 (100,00%) -- Ticket Income 526 400 $
Level 3 -- Attendance: 3125 (97,66%) -- Ticket Income 200 000 $
Level 4 -- Attendance: 5572 (99,50%) -- Ticket Income 300 888 $
Luxury Box -- Attendance: 1000 (100,00%) -- Ticket Income 259 000 $
Game was played at the Cherepanov Coliseum.
Total Attendance: 21897 (99,53%)
Total Ticket Income: 2 104 688 $
Other Expense: 21 047 $
Total Income: 2 083 641 $

RENO LIONS

5 vs 5 Forward 
   Center                   Left Wing                Right Wing               Time % Phy DF OF 
 1 Steven Stamkos           Kirill Kaprizov          Elias Pettersson         35     0   1  4  
 2 Nick Bjugstad            Pierre-Luc Dubois        Jack Roslovic            30     0   2  3  
 3 Patrick Brown            Ilya Mikheyev            Marcus Foligno           25     1   3  1  
 4 Alex Steeves             Nicholas Ritchie         Andreas Johnsson         10     2   3  0  

5 vs 5 Defense 
   Defense                  Defense                                           Time % Phy DF OF 
 1 Brady Skjei              Justin Schultz                                    35     1   2  2  
 2 Robert Hagg              Oliver Ekman-Larsson                              32     1   2  2  
 3 Juuso Valimaki           Ethan Bear                                        23     1   2  2  
 4 Brady Skjei              Justin Schultz                                    10     1   2  2  

PowerPlay Forward 
   Center                   Left Wing                Right Wing               Time % Phy DF OF 
 1 Steven Stamkos           Kirill Kaprizov          Elias Pettersson         65     0   0  5  
 2 Pierre-Luc Dubois        Ilya Mikheyev            Jack Roslovic            35     0   0  5  

PowerPlay Defense
   Defense                  Defense                                           Time % Phy DF OF 
 1 Justin Schultz           Brady Skjei                                       60     1   2  2  
 2 Juuso Valimaki           Oliver Ekman-Larsson                              40     1   2  2  

Penalty Kill 4 Players Forward 
   Center                   Wing                     Time % Phy DF OF 
 1 Nick Bjugstad            Marcus Foligno           55     1   3  1  
 2 Patrick Brown            Nicholas Ritchie         45     1   3  1  

Penalty Kill 4 Players Defense
   Defense                  Defense                  Time % Phy DF OF 
 1 Robert Hagg              Brady Skjei              55     1   3  1  
 2 Ethan Bear               Juuso Valimaki           45     1   3  1  

Penalty Kill - 3 Players Forward 
   Forward                                           Time % Phy DF OF 
 1 Jack Roslovic                                     55     1   4  0  
 2 Elias Pettersson                                  45     1   4  0  

Penalty Kill - 3 Players Defense
   Defense                  Defense                  Time % Phy DF OF 
 1 Robert Hagg              Brady Skjei              55     1   4  0  
 2 Ethan Bear               Juuso Valimaki           45     1   4  0  

4 vs 4 Forward 
   Center                   Wing                     Time % Phy DF OF 
 1 Pierre-Luc Dubois        Nick Bjugstad            55     1   2  2  
 2 Steven Stamkos           Kirill Kaprizov          45     1   2  2  

4 vs 4 Defense
   Defense                  Defense                  Time % Phy DF OF 
 1 Ethan Bear               Robert Hagg              55     1   2  2  
 2 Justin Schultz           Oliver Ekman-Larsson     45     1   2  2  

Last Minutes Offensive
   Center                   Left Wing                Right Wing               Defense                  Defense                  
   Steven Stamkos           Kirill Kaprizov          Elias Pettersson         Justin Schultz           Brady Skjei              

Last Minutes Defensive
   Center                   Left Wing                Right Wing               Defense                  Defense                  
   Steven Stamkos           Elias Pettersson         Jack Roslovic            Robert Hagg              Brady Skjei              

Goaltenders
Starting : Stuart Skinner           
Backup : Elvis Merzlikins         

Extra Forwards
Normal : Andreas Johnsson, Alex Steeves, Steven Stamkos - PP : Nick Bjugstad, Marcus Foligno - PK : Kirill Kaprizov
Extra Defensemen
Normal : Justin Schultz, Oliver Ekman-Larsson, Brady Skjei - PP : Ethan Bear - PK : Oliver Ekman-Larsson, Justin Schultz
Penalty Shots
Kirill Kaprizov, Elias Pettersson, Steven Stamkos, Pierre-Luc Dubois, Ilya Mikheyev
Custom OT Lines Forwards
Steven Stamkos, Elias Pettersson, Kirill Kaprizov, Pierre-Luc Dubois, Jack Roslovic, Nick Bjugstad, Ilya Mikheyev, Marcus Foligno, Nicholas Ritchie, Patrick Brown
Custom OT Lines Defensemen
Brady Skjei, Justin Schultz, Robert Hagg, Oliver Ekman-Larsson, Ethan Bear

Scratches
Mattias Samuelsson (Healthy)

KELOWNA ROCKETS

5 vs 5 Forward 
   Center                   Left Wing                Right Wing               Time % Phy DF OF 
 1 Auston Matthews          Pavel Buchnevich         Valeri Nichushkin        36     0   2  3  
 2 J.T. Compher             Tyler Bertuzzi           Vladimir Tarasenko       36     0   2  3  
 3 Derek Ryan               Parker Kelly             Calle Jarnkrok           28     0   4  1  
 4 Noah Gregor              Lukas Sedlak             Pavel Dorofeyev          0      0   3  2  

5 vs 5 Defense 
   Defense                  Defense                                           Time % Phy DF OF 
 1 Adam Fox                 Mark Giordano                                     37     0   4  1  
 2 Dmitri Orlov             Anthony DeAngelo                                  35     0   4  1  
 3 Erik Brannstrom          Kyle Burroughs                                    28     0   4  1  
 4 Dmitri Orlov             Adam Fox                                          0      0   3  2  

PowerPlay Forward 
   Center                   Left Wing                Right Wing               Time % Phy DF OF 
 1 Auston Matthews          Pavel Buchnevich         Vladimir Tarasenko       60     0   0  5  
 2 J.T. Compher             Tyler Bertuzzi           Calle Jarnkrok           40     0   0  5  

PowerPlay Defense
   Defense                  Defense                                           Time % Phy DF OF 
 1 Adam Fox                 Dmitri Orlov                                      65     0   1  4  
 2 Anthony DeAngelo         Erik Brannstrom                                   35     0   1  4  

Penalty Kill 4 Players Forward 
   Center                   Wing                     Time % Phy DF OF 
 1 J.T. Compher             Valeri Nichushkin        65     0   5  0  
 2 Auston Matthews          Pavel Buchnevich         35     0   5  0  

Penalty Kill 4 Players Defense
   Defense                  Defense                  Time % Phy DF OF 
 1 Adam Fox                 Mark Giordano            55     0   5  0  
 2 Dmitri Orlov             Anthony DeAngelo         45     0   5  0  

Penalty Kill - 3 Players Forward 
   Forward                                           Time % Phy DF OF 
 1 J.T. Compher                                      60     0   5  0  
 2 Valeri Nichushkin                                 40     0   5  0  

Penalty Kill - 3 Players Defense
   Defense                  Defense                  Time % Phy DF OF 
 1 Adam Fox                 Mark Giordano            55     0   5  0  
 2 Dmitri Orlov             Anthony DeAngelo         45     0   5  0  

4 vs 4 Forward 
   Center                   Wing                     Time % Phy DF OF 
 1 Auston Matthews          Pavel Buchnevich         55     0   1  4  
 2 J.T. Compher             Valeri Nichushkin        45     0   1  4  

4 vs 4 Defense
   Defense                  Defense                  Time % Phy DF OF 
 1 Adam Fox                 Mark Giordano            55     0   2  3  
 2 Dmitri Orlov             Anthony DeAngelo         45     0   2  3  

Last Minutes Offensive
   Center                   Left Wing                Right Wing               Defense                  Defense                  
   Auston Matthews          Pavel Buchnevich         Valeri Nichushkin        Adam Fox                 Dmitri Orlov             

Last Minutes Defensive
   Center                   Left Wing                Right Wing               Defense                  Defense                  
   Auston Matthews          J.T. Compher             Valeri Nichushkin        Adam Fox                 Dmitri Orlov             

Goaltenders
Starting : Craig Anderson           
Backup : Alex Stalock             

Extra Forwards
Normal : Vladimir Tarasenko, Pavel Buchnevich, Valeri Nichushkin - PP : Noah Gregor, Pavel Dorofeyev - PK : Vladimir Tarasenko
Extra Defensemen
Normal : Anthony DeAngelo, Dmitri Orlov, Kyle Burroughs - PP : Mark Giordano - PK : Kyle Burroughs, Erik Brannstrom
Penalty Shots
Auston Matthews, Vladimir Tarasenko, Pavel Buchnevich, Valeri Nichushkin, Tyler Bertuzzi
Custom OT Lines Forwards
Auston Matthews, Pavel Buchnevich, J.T. Compher, Valeri Nichushkin, Tyler Bertuzzi, Vladimir Tarasenko, Derek Ryan, Calle Jarnkrok, Noah Gregor, Pavel Dorofeyev
Custom OT Lines Defensemen
Adam Fox, Mark Giordano, Dmitri Orlov, Anthony DeAngelo, Kyle Burroughs

Scratches
Pavel Francouz (Healthy)

% Time on Ice - RENO LIONS

Lines # - Real PCT - Wanted PCT - Time Play
Normal Forward
1 - 36% - 35% - 18:19
2 - 30% - 30% - 15:02
3 - 25% - 25% - 12:39
4 - 10% - 10% - 4:52
Normal Defense
1 - 35% - 35% - 18:00
2 - 32% - 32% - 16:15
3 - 26% - 23% - 12:59
4 - 7% - 10% - 3:38
PP Forward
1 - 42% - 65% - 2:29
2 - 58% - 35% - 3:28
PP Defense
1 - 42% - 60% - 2:29
2 - 58% - 40% - 3:28
PK Forward
1 - 74% - 55% - 2:02
2 - 26% - 45% - 0:42
PK Defense
1 - 68% - 55% - 1:51
2 - 32% - 45% - 0:53
PK3 Forward
1 - 0% - 55%
2 - 0% - 45%
PK3 Defense
1 - 0% - 55%
2 - 0% - 45%
44 Forward
1 - 0% - 55%
2 - 0% - 45%
44 Defense
1 - 0% - 55%
2 - 0% - 45%
Last Minute Offensive  - 0:27
Last Minute Defensive  - 0:00
Total
Forward - 60:00
Defense - 60:00

% Time on Ice - KELOWNA ROCKETS

Lines # - Real PCT - Wanted PCT - Time Play
Normal Forward
1 - 32% - 36% - 16:11
2 - 32% - 36% - 16:12
3 - 24% - 28% - 12:07
4 - 12% - 0% - 5:58
Normal Defense
1 - 36% - 37% - 17:56
2 - 36% - 35% - 18:23
3 - 27% - 28% - 13:42
4 - 1% - 0% - 0:27
PP Forward
1 - 76% - 60% - 2:05
2 - 24% - 40% - 0:39
PP Defense
1 - 76% - 65% - 2:05
2 - 24% - 35% - 0:39
PK Forward
1 - 75% - 65% - 4:29
2 - 25% - 35% - 1:28
PK Defense
1 - 54% - 55% - 3:12
2 - 46% - 45% - 2:45
PK3 Forward
1 - 0% - 60%
2 - 0% - 40%
PK3 Defense
1 - 0% - 55%
2 - 0% - 45%
44 Forward
1 - 0% - 55%
2 - 0% - 45%
44 Defense
1 - 0% - 55%
2 - 0% - 45%
Last Minute Offensive  - 0:00
Last Minute Defensive  - 0:51
Total
Forward - 60:00
Defense - 60:00

Play-by-Play

1st period


0:01 of 1st period - Auston Matthews wins face-off versus Steven Stamkos in neutral zone.
0:11 of 1st period - Minor Penalty to Pavel Buchnevich for Cross-checking.
0:12 of 1st period - Steven Stamkos wins face-off versus J.T. Compher in KELOWNA ROCKETS zone.
0:43 of 1st period - Shot by Elias Pettersson.
0:43 of 1st period - Shot Misses the Net.
0:45 of 1st period - Shot by Brady Skjei.
0:45 of 1st period - Stopped by Craig Anderson without a rebound.
0:46 of 1st period - J.T. Compher wins face-off versus Pierre-Luc Dubois in KELOWNA ROCKETS zone.
0:54 of 1st period - Icing by Pierre-Luc Dubois.
0:55 of 1st period - J.T. Compher wins face-off versus Pierre-Luc Dubois in RENO LIONS zone.
1:09 of 1st period - Icing by Pierre-Luc Dubois.
1:10 of 1st period - J.T. Compher wins face-off versus Pierre-Luc Dubois in RENO LIONS zone.
1:50 of 1st period - Shot by Auston Matthews.
1:50 of 1st period - Shot Blocked by Oliver Ekman-Larsson.
2:20 of 1st period - Shot by Elias Pettersson.
2:20 of 1st period - Stopped by Craig Anderson without a rebound.
2:21 of 1st period - Steven Stamkos wins face-off versus Noah Gregor in KELOWNA ROCKETS zone.
2:36 of 1st period - Shot by Elias Pettersson.
2:36 of 1st period - Shot Blocked by Dmitri Orlov.
3:00 of 1st period - Shot by Elias Pettersson.
3:00 of 1st period - Shot Misses the Net.
3:02 of 1st period - Shot by Brady Skjei.
3:02 of 1st period - Shot Blocked by Anthony DeAngelo.
3:04 of 1st period - Shot by Brady Skjei.
3:04 of 1st period - Shot Misses the Net.
3:06 of 1st period - Shot by Kirill Kaprizov.
3:06 of 1st period - Shot Blocked by Anthony DeAngelo.
3:19 of 1st period - Minor Penalty to J.T. Compher for Hooking.
3:20 of 1st period - Pierre-Luc Dubois wins face-off versus Vladimir Tarasenko in KELOWNA ROCKETS zone.
3:24 of 1st period - Shot by Juuso Valimaki.
3:24 of 1st period - Shot Blocked by Adam Fox.
4:07 of 1st period - Shot by Steven Stamkos.
4:07 of 1st period - Stopped by Craig Anderson without a rebound.
4:08 of 1st period - Steven Stamkos wins face-off versus Auston Matthews in KELOWNA ROCKETS zone.
4:22 of 1st period - Off-side.
4:23 of 1st period - Pierre-Luc Dubois wins face-off versus Pavel Buchnevich in neutral zone.
4:32 of 1st period - Shot by Ilya Mikheyev.
4:32 of 1st period - Shot Misses the Net.
4:34 of 1st period - Shot by Oliver Ekman-Larsson.
4:34 of 1st period - Shot Misses the Net.
4:36 of 1st period - Shot by Oliver Ekman-Larsson.
4:36 of 1st period - Deflect By Pierre-Luc Dubois.
4:36 of 1st period - Stopped by Craig Anderson with a rebound.
4:40 of 1st period - Shot by Ilya Mikheyev.
4:40 of 1st period - Stopped by Craig Anderson without a rebound.
4:41 of 1st period - Vladimir Tarasenko wins face-off versus Steven Stamkos in KELOWNA ROCKETS zone.
5:04 of 1st period - Shot by Kirill Kaprizov.
5:04 of 1st period - Shot Blocked by Dmitri Orlov.
5:06 of 1st period - Shot by Steven Stamkos.
5:06 of 1st period - Stopped by Craig Anderson with a rebound.
5:08 of 1st period - Shot by Steven Stamkos.
5:08 of 1st period - Stopped by Craig Anderson without a rebound.
5:09 of 1st period - Pierre-Luc Dubois wins face-off versus Auston Matthews in KELOWNA ROCKETS zone.
5:31 of 1st period - Nicholas Ritchie is hit by Kyle Burroughs and loses puck.
6:14 of 1st period - Shot by Auston Matthews.
6:14 of 1st period - Stopped by Stuart Skinner without a rebound.
6:15 of 1st period - Pavel Buchnevich wins face-off versus Nick Bjugstad in RENO LIONS zone.
6:18 of 1st period - Shot by Auston Matthews.
6:18 of 1st period - Shot Misses the Net.
6:27 of 1st period - Pierre-Luc Dubois is hit by Mark Giordano and loses puck.
6:37 of 1st period - Icing by Adam Fox.
6:38 of 1st period - Patrick Brown wins face-off versus Pavel Buchnevich in KELOWNA ROCKETS zone.
6:48 of 1st period - Marcus Foligno is hit by Mark Giordano and loses puck.
7:06 of 1st period - Shot by Pavel Buchnevich.
7:06 of 1st period - Deflect By Auston Matthews.
7:06 of 1st period - Stopped by Stuart Skinner with a rebound.
7:08 of 1st period - Shot by Auston Matthews.
7:08 of 1st period - Stopped by Stuart Skinner without a rebound.
7:09 of 1st period - Derek Ryan wins face-off versus Nick Bjugstad in RENO LIONS zone.
7:24 of 1st period - Icing by Jack Roslovic.
7:25 of 1st period - J.T. Compher wins face-off versus Jack Roslovic in RENO LIONS zone.
7:32 of 1st period - Shot by Tyler Bertuzzi.
7:32 of 1st period - Shot Blocked by Nick Bjugstad.
7:44 of 1st period - Shot by J.T. Compher.
7:44 of 1st period - Stopped by Stuart Skinner without a rebound.
7:45 of 1st period - Patrick Brown wins face-off versus Parker Kelly in RENO LIONS zone.
7:54 of 1st period - Shot by Ilya Mikheyev.
7:54 of 1st period - Shot Blocked by Derek Ryan.
7:56 of 1st period - Shot by Robert Hagg.
7:56 of 1st period - Shot Blocked by Dmitri Orlov.
8:37 of 1st period - Shot by Vladimir Tarasenko.
8:37 of 1st period - Stopped by Stuart Skinner without a rebound.
8:38 of 1st period - Auston Matthews wins face-off versus Steven Stamkos in RENO LIONS zone.
8:39 of 1st period - Shot by Valeri Nichushkin.
8:39 of 1st period - Goal by Valeri Nichushkin - RENO LIONS : 0 - KELOWNA ROCKETS : 1.
8:40 of 1st period - Steven Stamkos wins face-off versus Auston Matthews in neutral zone.
8:43 of 1st period - Shot by Kirill Kaprizov.
8:43 of 1st period - Shot Blocked by Adam Fox.
8:55 of 1st period - Shot by Steven Stamkos.
8:55 of 1st period - Stopped by Craig Anderson without a rebound.
8:56 of 1st period - J.T. Compher wins face-off versus Jack Roslovic in KELOWNA ROCKETS zone.
9:09 of 1st period - Shot by Vladimir Tarasenko.
9:09 of 1st period - Stopped by Stuart Skinner without a rebound.
9:10 of 1st period - Steven Stamkos wins face-off versus Auston Matthews in RENO LIONS zone.
9:15 of 1st period - Elias Pettersson is hit by Auston Matthews and loses puck.
10:05 of 1st period - Adam Fox is hit by Justin Schultz and loses puck.
10:50 of 1st period - Shot by Jack Roslovic.
10:50 of 1st period - Shot Misses the Net.
10:52 of 1st period - Shot by Jack Roslovic.
10:52 of 1st period - Shot Blocked by Dmitri Orlov.
10:54 of 1st period - Shot by Jack Roslovic.
10:54 of 1st period - Stopped by Craig Anderson without a rebound.
10:55 of 1st period - Patrick Brown wins face-off versus Derek Ryan in KELOWNA ROCKETS zone.
10:58 of 1st period - Shot by Ilya Mikheyev.
10:58 of 1st period - Stopped by Craig Anderson without a rebound.
10:59 of 1st period - Patrick Brown wins face-off versus Derek Ryan in KELOWNA ROCKETS zone.
11:34 of 1st period - Shot by Patrick Brown.
11:34 of 1st period - Shot Blocked by Erik Brannstrom.
11:36 of 1st period - Shot by Ilya Mikheyev.
11:36 of 1st period - Shot Blocked by Erik Brannstrom.
11:38 of 1st period - Shot by Ilya Mikheyev.
11:38 of 1st period - Shot Blocked by Kyle Burroughs.
11:40 of 1st period - Shot by Marcus Foligno.
11:40 of 1st period - Shot Misses the Net.
11:47 of 1st period - Icing by Erik Brannstrom.
11:48 of 1st period - Nick Bjugstad wins face-off versus Calle Jarnkrok in KELOWNA ROCKETS zone.
11:49 of 1st period - Shot by Pierre-Luc Dubois.
11:49 of 1st period - Stopped by Craig Anderson without a rebound.
11:50 of 1st period - J.T. Compher wins face-off versus Nick Bjugstad in KELOWNA ROCKETS zone.
12:04 of 1st period - Jack Roslovic is hit by Mark Giordano and loses puck.
12:19 of 1st period - Shot by Pierre-Luc Dubois.
12:19 of 1st period - Shot Blocked by Adam Fox.
12:21 of 1st period - Shot by Jack Roslovic.
12:21 of 1st period - Shot Blocked by Adam Fox.
12:23 of 1st period - Shot by Pierre-Luc Dubois.
12:23 of 1st period - Stopped by Craig Anderson without a rebound.
12:24 of 1st period - Auston Matthews wins face-off versus Steven Stamkos in KELOWNA ROCKETS zone.
13:08 of 1st period - Dmitri Orlov is hit by Steven Stamkos and loses puck.
13:47 of 1st period - Shot by Adam Fox.
13:47 of 1st period - Stopped by Stuart Skinner without a rebound.
13:48 of 1st period - Patrick Brown wins face-off versus Derek Ryan in RENO LIONS zone.
13:55 of 1st period - Shot by Calle Jarnkrok.
13:55 of 1st period - Deflect By Derek Ryan.
13:55 of 1st period - Stopped by Stuart Skinner without a rebound.
13:56 of 1st period - Derek Ryan wins face-off versus Nick Bjugstad in RENO LIONS zone.
13:56 of 1st period - Calle Jarnkrok is hit by Robert Hagg and loses puck.
14:28 of 1st period - Shot by Pierre-Luc Dubois.
14:28 of 1st period - Stopped by Craig Anderson without a rebound.
14:29 of 1st period - J.T. Compher wins face-off versus Marcus Foligno in KELOWNA ROCKETS zone.
14:41 of 1st period - Icing by J.T. Compher.
14:42 of 1st period - Steven Stamkos wins face-off versus J.T. Compher in KELOWNA ROCKETS zone.
14:51 of 1st period - Shot by Steven Stamkos.
14:51 of 1st period - Shot Misses the Net.
14:53 of 1st period - Shot by Kirill Kaprizov.
14:53 of 1st period - Stopped by Craig Anderson with a rebound.
14:55 of 1st period - Shot by Elias Pettersson.
14:55 of 1st period - Stopped by Craig Anderson without a rebound.
14:56 of 1st period - Auston Matthews wins face-off versus Nick Bjugstad in KELOWNA ROCKETS zone.
15:11 of 1st period - Shot by Pierre-Luc Dubois.
15:11 of 1st period - Goal by Pierre-Luc Dubois - RENO LIONS : 1 - KELOWNA ROCKETS : 1.
15:12 of 1st period - Patrick Brown wins face-off versus J.T. Compher in neutral zone.
15:50 of 1st period - Shot by Vladimir Tarasenko.
15:50 of 1st period - Shot Blocked by Justin Schultz.
16:28 of 1st period - Shot by Pavel Buchnevich.
16:28 of 1st period - Stopped by Stuart Skinner without a rebound.
16:29 of 1st period - Nick Bjugstad wins face-off versus Derek Ryan in RENO LIONS zone.
17:32 of 1st period - Pavel Buchnevich is hit by Robert Hagg and loses puck.
17:47 of 1st period - Shot by Auston Matthews.
17:47 of 1st period - Stopped by Stuart Skinner without a rebound.
17:48 of 1st period - J.T. Compher wins face-off versus Patrick Brown in RENO LIONS zone.
18:19 of 1st period - Shot by Vladimir Tarasenko.
18:19 of 1st period - Stopped by Stuart Skinner without a rebound.
18:20 of 1st period - Steven Stamkos wins face-off versus Auston Matthews in RENO LIONS zone.
18:36 of 1st period - Icing by Elias Pettersson.
18:37 of 1st period - Steven Stamkos wins face-off versus Pavel Dorofeyev in RENO LIONS zone.
18:37 of 1st period - Steven Stamkos is hit by Lukas Sedlak.
18:47 of 1st period - Shot by Kirill Kaprizov.
18:47 of 1st period - Deflect By Steven Stamkos.
18:47 of 1st period - Stopped by Craig Anderson with a rebound.
Goals for this period are 1 for RENO LIONS vs 1 for KELOWNA ROCKETS.
Shots for this period are 17 for RENO LIONS vs 12 for KELOWNA ROCKETS.

2nd period


0:01 of 2nd period - Alex Steeves wins face-off versus Pavel Buchnevich in neutral zone.
0:17 of 2nd period - Icing by Justin Schultz.
0:18 of 2nd period - J.T. Compher wins face-off versus Alex Steeves in RENO LIONS zone.
1:11 of 2nd period - Icing by Justin Schultz.
1:12 of 2nd period - Alex Steeves wins face-off versus Auston Matthews in RENO LIONS zone.
2:29 of 2nd period - Parker Kelly is hit by Kirill Kaprizov.
3:28 of 2nd period - Shot by Patrick Brown.
3:28 of 2nd period - Stopped by Craig Anderson without a rebound.
3:29 of 2nd period - Nick Bjugstad wins face-off versus Noah Gregor in KELOWNA ROCKETS zone.
3:58 of 2nd period - Shot by Nick Bjugstad.
3:58 of 2nd period - Stopped by Craig Anderson without a rebound.
3:59 of 2nd period - Patrick Brown wins face-off versus J.T. Compher in KELOWNA ROCKETS zone.
4:21 of 2nd period - Icing by Robert Hagg.
4:22 of 2nd period - Auston Matthews wins face-off versus Patrick Brown in RENO LIONS zone.
4:40 of 2nd period - Shot by Valeri Nichushkin.
4:40 of 2nd period - Shot Blocked by Robert Hagg.
5:08 of 2nd period - Shot by Steven Stamkos.
5:08 of 2nd period - Stopped by Craig Anderson without a rebound.
5:09 of 2nd period - Calle Jarnkrok wins face-off versus Nick Bjugstad in KELOWNA ROCKETS zone.
5:09 of 2nd period - Calle Jarnkrok is hit by Pierre-Luc Dubois.
5:29 of 2nd period - Mark Giordano is hit by Juuso Valimaki and loses puck.
6:04 of 2nd period - Icing by Dmitri Orlov.
6:05 of 2nd period - Kirill Kaprizov wins face-off versus Tyler Bertuzzi in KELOWNA ROCKETS zone.
6:23 of 2nd period - Minor Penalty to Justin Schultz for Hooking.
6:24 of 2nd period - Auston Matthews wins face-off versus Nick Bjugstad in RENO LIONS zone.
7:08 of 2nd period - Shot by Pavel Buchnevich.
7:08 of 2nd period - Goal by Pavel Buchnevich - RENO LIONS : 1 - KELOWNA ROCKETS : 2.
7:09 of 2nd period - Steven Stamkos wins face-off versus Derek Ryan in neutral zone.
7:09 of 2nd period - Steven Stamkos is hit by Parker Kelly.
8:08 of 2nd period - Off-side.
8:09 of 2nd period - Auston Matthews wins face-off versus Patrick Brown in neutral zone.
8:14 of 2nd period - Shot by Valeri Nichushkin.
8:14 of 2nd period - Shot Misses the Net.
8:16 of 2nd period - Shot by Valeri Nichushkin.
8:16 of 2nd period - Stopped by Stuart Skinner with a rebound.
8:18 of 2nd period - Shot by Auston Matthews.
8:18 of 2nd period - Stopped by Stuart Skinner with a rebound.
8:40 of 2nd period - Shot by Valeri Nichushkin.
8:40 of 2nd period - Stopped by Stuart Skinner without a rebound.
8:41 of 2nd period - Nick Bjugstad wins face-off versus Vladimir Tarasenko in RENO LIONS zone.
8:53 of 2nd period - Jack Roslovic is hit by Mark Giordano and loses puck.
10:06 of 2nd period - Shot by Steven Stamkos.
10:06 of 2nd period - Shot Misses the Net.
11:41 of 2nd period - Nicholas Ritchie is hit by Mark Giordano and loses puck.
11:51 of 2nd period - Icing by Mark Giordano.
11:52 of 2nd period - J.T. Compher wins face-off versus Steven Stamkos in KELOWNA ROCKETS zone.
11:52 of 2nd period - J.T. Compher is hit by Kirill Kaprizov.
11:59 of 2nd period - Off-side.
12:00 of 2nd period - Steven Stamkos wins face-off versus Auston Matthews in neutral zone.
12:16 of 2nd period - Icing by Elias Pettersson.
12:17 of 2nd period - Derek Ryan wins face-off versus Steven Stamkos in RENO LIONS zone.
12:38 of 2nd period - Shot by Elias Pettersson.
12:38 of 2nd period - Stopped by Craig Anderson without a rebound.
12:39 of 2nd period - Jack Roslovic wins face-off versus Auston Matthews in KELOWNA ROCKETS zone.
12:40 of 2nd period - Shot by Pierre-Luc Dubois.
12:40 of 2nd period - Stopped by Craig Anderson with a rebound.
13:05 of 2nd period - Icing by Justin Schultz.
13:06 of 2nd period - Nick Bjugstad wins face-off versus Derek Ryan in RENO LIONS zone.
13:26 of 2nd period - Shot by Derek Ryan.
13:26 of 2nd period - Shot Blocked by Brady Skjei.
13:28 of 2nd period - Shot by Parker Kelly.
13:28 of 2nd period - Stopped by Stuart Skinner without a rebound.
13:29 of 2nd period - Auston Matthews wins face-off versus Patrick Brown in RENO LIONS zone.
13:31 of 2nd period - Pavel Buchnevich is hit by Oliver Ekman-Larsson and loses puck.
13:38 of 2nd period - Shot by Auston Matthews.
13:38 of 2nd period - Stopped by Stuart Skinner without a rebound.
13:39 of 2nd period - Steven Stamkos wins face-off versus Auston Matthews in RENO LIONS zone.
13:39 of 2nd period - Steven Stamkos is hit by Auston Matthews.
14:07 of 2nd period - Shot by Steven Stamkos.
14:07 of 2nd period - Shot Misses the Net.
15:16 of 2nd period - Icing by Brady Skjei.
15:17 of 2nd period - Patrick Brown wins face-off versus Noah Gregor in RENO LIONS zone.
15:40 of 2nd period - Shot by Patrick Brown.
15:40 of 2nd period - Stopped by Craig Anderson without a rebound.
15:40 of 2nd period - Craig Anderson from KELOWNA ROCKETS is injured at 15:40 of 2nd period (Lacerated Right Calf).
15:40 of 2nd period - Alex Stalock enters game.
15:41 of 2nd period - Nick Bjugstad wins face-off versus Auston Matthews in KELOWNA ROCKETS zone.
15:46 of 2nd period - Shot by Jack Roslovic.
15:46 of 2nd period - Shot Blocked by Dmitri Orlov.
16:14 of 2nd period - Auston Matthews is hit by Robert Hagg.
16:57 of 2nd period - Shot by Calle Jarnkrok.
16:57 of 2nd period - Stopped by Stuart Skinner without a rebound.
16:58 of 2nd period - Marcus Foligno wins face-off versus J.T. Compher in RENO LIONS zone.
16:58 of 2nd period - Marcus Foligno is hit by Tyler Bertuzzi.
17:01 of 2nd period - Icing by Ilya Mikheyev.
17:02 of 2nd period - Patrick Brown wins face-off versus Vladimir Tarasenko in RENO LIONS zone.
17:21 of 2nd period - Shot by Marcus Foligno.
17:21 of 2nd period - Deflect By Ilya Mikheyev.
17:21 of 2nd period - Shot Misses the Net.
17:23 of 2nd period - Shot by Ilya Mikheyev.
17:23 of 2nd period - Stopped by Alex Stalock without a rebound.
17:24 of 2nd period - Calle Jarnkrok wins face-off versus Nick Bjugstad in KELOWNA ROCKETS zone.
17:55 of 2nd period - Shot by Pierre-Luc Dubois.
17:55 of 2nd period - Stopped by Alex Stalock with a rebound.
18:01 of 2nd period - Shot by Nick Bjugstad.
18:01 of 2nd period - Stopped by Alex Stalock without a rebound.
18:02 of 2nd period - Steven Stamkos wins face-off versus Auston Matthews in KELOWNA ROCKETS zone.
18:02 of 2nd period - Steven Stamkos is hit by Adam Fox.
18:16 of 2nd period - Shot by Steven Stamkos.
18:16 of 2nd period - Stopped by Alex Stalock without a rebound.
18:17 of 2nd period - Patrick Brown wins face-off versus J.T. Compher in KELOWNA ROCKETS zone.
18:18 of 2nd period - Shot by Marcus Foligno.
18:18 of 2nd period - Stopped by Alex Stalock without a rebound.
18:19 of 2nd period - Auston Matthews wins face-off versus Patrick Brown in KELOWNA ROCKETS zone.
18:19 of 2nd period - Auston Matthews is hit by Marcus Foligno.
18:41 of 2nd period - Off-side.
18:42 of 2nd period - Steven Stamkos wins face-off versus J.T. Compher in neutral zone.
18:47 of 2nd period - Shot by Elias Pettersson.
18:47 of 2nd period - Shot Blocked by J.T. Compher.
18:59 of 2nd period - Shot by J.T. Compher.
18:59 of 2nd period - Stopped by Stuart Skinner without a rebound.
19:00 of 2nd period - Auston Matthews wins face-off versus Nick Bjugstad in RENO LIONS zone.
19:07 of 2nd period - Shot by Valeri Nichushkin.
19:07 of 2nd period - Stopped by Stuart Skinner without a rebound.
19:08 of 2nd period - Steven Stamkos wins face-off versus Pavel Buchnevich in RENO LIONS zone.
19:08 of 2nd period - Steven Stamkos is hit by Pavel Buchnevich.
19:14 of 2nd period - Shot by Elias Pettersson.
19:14 of 2nd period - Shot Blocked by Dmitri Orlov.
19:31 of 2nd period - Elias Pettersson is hit by Auston Matthews and loses puck.
Goals for this period are 0 for RENO LIONS vs 1 for KELOWNA ROCKETS.
Shots for this period are 11 for RENO LIONS vs 9 for KELOWNA ROCKETS.

3rd period


0:01 of 3rd period - J.T. Compher wins face-off versus Patrick Brown in neutral zone.
0:17 of 3rd period - Icing by Brady Skjei.
0:18 of 3rd period - Patrick Brown wins face-off versus Derek Ryan in RENO LIONS zone.
0:18 of 3rd period - Patrick Brown is hit by Parker Kelly.
0:23 of 3rd period - Ilya Mikheyev is hit by Dmitri Orlov and loses puck.
0:33 of 3rd period - Marcus Foligno is hit by Dmitri Orlov.
0:48 of 3rd period - Ilya Mikheyev is hit by Anthony DeAngelo and loses puck.
0:58 of 3rd period - Dmitri Orlov is hit by Justin Schultz and loses puck.
1:33 of 3rd period - Shot by J.T. Compher.
1:33 of 3rd period - Stopped by Stuart Skinner without a rebound.
1:34 of 3rd period - Auston Matthews wins face-off versus Steven Stamkos in RENO LIONS zone.
1:43 of 3rd period - Icing by Pavel Buchnevich.
1:44 of 3rd period - Nick Bjugstad wins face-off versus Auston Matthews in KELOWNA ROCKETS zone.
1:50 of 3rd period - Jack Roslovic is hit by Kyle Burroughs and loses puck.
1:53 of 3rd period - Shot by Pierre-Luc Dubois.
1:53 of 3rd period - Deflect By Nick Bjugstad.
1:53 of 3rd period - Shot Blocked by Erik Brannstrom.
1:55 of 3rd period - Shot by Pierre-Luc Dubois.
1:55 of 3rd period - Stopped by Alex Stalock with a rebound.
2:05 of 3rd period - Shot by Pierre-Luc Dubois.
2:05 of 3rd period - Deflect By Nick Bjugstad.
2:05 of 3rd period - Stopped by Alex Stalock without a rebound.
2:06 of 3rd period - J.T. Compher wins face-off versus Steven Stamkos in KELOWNA ROCKETS zone.
2:14 of 3rd period - Off-side.
2:15 of 3rd period - Nick Bjugstad wins face-off versus J.T. Compher in neutral zone.
2:15 of 3rd period - Nick Bjugstad is hit by Tyler Bertuzzi.
2:19 of 3rd period - Shot by Jack Roslovic.
2:19 of 3rd period - Stopped by Alex Stalock without a rebound.
2:20 of 3rd period - Nick Bjugstad wins face-off versus J.T. Compher in KELOWNA ROCKETS zone.
2:33 of 3rd period - Shot by Pierre-Luc Dubois.
2:33 of 3rd period - Shot Misses the Net.
2:45 of 3rd period - Shot by Jack Roslovic.
2:45 of 3rd period - Deflect By Pierre-Luc Dubois.
2:45 of 3rd period - Shot Misses the Net.
2:54 of 3rd period - Icing by Vladimir Tarasenko.
2:55 of 3rd period - Steven Stamkos wins face-off versus Tyler Bertuzzi in KELOWNA ROCKETS zone.
2:57 of 3rd period - Minor Penalty to Mark Giordano for Charging.
2:58 of 3rd period - Steven Stamkos wins face-off versus J.T. Compher in KELOWNA ROCKETS zone.
3:05 of 3rd period - Shot by Kirill Kaprizov.
3:05 of 3rd period - Stopped by Alex Stalock without a rebound.
3:06 of 3rd period - J.T. Compher wins face-off versus Steven Stamkos in KELOWNA ROCKETS zone.
6:06 of 3rd period - Shot by Steven Stamkos.
6:06 of 3rd period - Goal by Steven Stamkos - RENO LIONS : 2 - KELOWNA ROCKETS : 2.
6:07 of 3rd period - J.T. Compher wins face-off versus Steven Stamkos in neutral zone.
6:18 of 3rd period - Shot by Vladimir Tarasenko.
6:18 of 3rd period - Goal by Vladimir Tarasenko - RENO LIONS : 2 - KELOWNA ROCKETS : 3.
6:19 of 3rd period - Nick Bjugstad wins face-off versus Auston Matthews in neutral zone.
6:35 of 3rd period - Shot by Pavel Buchnevich.
6:35 of 3rd period - Shot Misses the Net.
6:39 of 3rd period - Shot by Pavel Buchnevich.
6:39 of 3rd period - Stopped by Stuart Skinner without a rebound.
6:40 of 3rd period - J.T. Compher wins face-off versus Steven Stamkos in RENO LIONS zone.
7:07 of 3rd period - Shot by Kirill Kaprizov.
7:07 of 3rd period - Shot Misses the Net.
7:34 of 3rd period - Dmitri Orlov is hit by Nick Bjugstad.
7:48 of 3rd period - Shot by Pierre-Luc Dubois.
7:48 of 3rd period - Shot Blocked by Dmitri Orlov.
7:50 of 3rd period - Shot by Nick Bjugstad.
7:50 of 3rd period - Shot Misses the Net.
7:52 of 3rd period - Shot by Jack Roslovic.
7:52 of 3rd period - Shot Blocked by Anthony DeAngelo.
8:24 of 3rd period - Shot by Ilya Mikheyev.
8:24 of 3rd period - Stopped by Alex Stalock without a rebound.
8:25 of 3rd period - Auston Matthews wins face-off versus Patrick Brown in KELOWNA ROCKETS zone.
8:25 of 3rd period - Pavel Buchnevich is hit by Patrick Brown and loses puck.
8:31 of 3rd period - Kyle Burroughs is hit by Brady Skjei and loses puck.
8:47 of 3rd period - Minor Penalty to Justin Schultz for Cross-checking.
8:48 of 3rd period - Auston Matthews wins face-off versus Nick Bjugstad in RENO LIONS zone.
11:09 of 3rd period - Calle Jarnkrok is hit by Nicholas Ritchie and loses puck.
11:44 of 3rd period - Shot by Noah Gregor.
11:44 of 3rd period - Stopped by Stuart Skinner without a rebound.
11:45 of 3rd period - Noah Gregor wins face-off versus Patrick Brown in RENO LIONS zone.
11:48 of 3rd period - Shot by Noah Gregor.
11:48 of 3rd period - Shot Blocked by Patrick Brown.
12:47 of 3rd period - Shot by Kirill Kaprizov.
12:47 of 3rd period - Shot Misses the Net.
12:49 of 3rd period - Shot by Elias Pettersson.
12:49 of 3rd period - Deflect By Kirill Kaprizov.
12:49 of 3rd period - Shot Misses the Net.
12:51 of 3rd period - Shot by Kirill Kaprizov.
12:51 of 3rd period - Shot Blocked by Anthony DeAngelo.
12:53 of 3rd period - Shot by Elias Pettersson.
12:53 of 3rd period - Stopped by Alex Stalock without a rebound.
12:54 of 3rd period - Auston Matthews wins face-off versus Nick Bjugstad in KELOWNA ROCKETS zone.
12:54 of 3rd period - Valeri Nichushkin is hit by Nick Bjugstad and loses puck.
14:10 of 3rd period - Shot by Erik Brannstrom.
14:10 of 3rd period - Stopped by Stuart Skinner with a rebound.
14:24 of 3rd period - Shot by Derek Ryan.
14:24 of 3rd period - Shot Blocked by Brady Skjei.
15:33 of 3rd period - Off-side.
15:34 of 3rd period - Auston Matthews wins face-off versus Nick Bjugstad in neutral zone.
15:52 of 3rd period - Shot by Pierre-Luc Dubois.
15:52 of 3rd period - Stopped by Alex Stalock without a rebound.
15:53 of 3rd period - Patrick Brown wins face-off versus Noah Gregor in KELOWNA ROCKETS zone.
15:55 of 3rd period - Ilya Mikheyev is hit by Kyle Burroughs and loses puck.
16:03 of 3rd period - Shot by Marcus Foligno.
16:03 of 3rd period - Shot Blocked by Lukas Sedlak.
16:56 of 3rd period - Shot by Pierre-Luc Dubois.
16:56 of 3rd period - Stopped by Alex Stalock without a rebound.
16:57 of 3rd period - Alex Steeves wins face-off versus Auston Matthews in KELOWNA ROCKETS zone.
17:04 of 3rd period - Shot by Oliver Ekman-Larsson.
17:04 of 3rd period - Shot Misses the Net.
17:06 of 3rd period - Shot by Nicholas Ritchie.
17:06 of 3rd period - Stopped by Alex Stalock without a rebound.
17:07 of 3rd period - Auston Matthews wins face-off versus Nick Bjugstad in KELOWNA ROCKETS zone.
17:07 of 3rd period - Auston Matthews is hit by Nick Bjugstad.
17:15 of 3rd period - Shot by Valeri Nichushkin.
17:15 of 3rd period - Shot Misses the Net.
Goals for this period are 1 for RENO LIONS vs 1 for KELOWNA ROCKETS.
Shots for this period are 10 for RENO LIONS vs 5 for KELOWNA ROCKETS.


YEGOR
SHARANGOVICH
ALEX
IAFALLO
JAKOB
CHYCHRUN

EAST COAST

HOCKEY LEAGUE

  • 65.QUE3CHW1
  • 66.CHA1TRV6
  • 67.PITRHI
  • 68.ATLWOR